 Dungeon Crawl Stone Soup version 0.29.1-12-g30fa7ad0bf (webtiles) character file.

Game seed: 12553083287528114622

19021 soggyman666 the Cleaver (level 12, -23/106 HPs)
             Began as a Minotaur Berserker on Dec 13, 2022.
             Was a High Priest of Trog.
             Annihilated by Rupert
             ... wielding a +0 vampiric battleaxe
              (26 damage)
             ... on level 12 of the Dungeon.
             The game lasted 00:53:26 (17662 turns).

soggyman666 the Cleaver (Minotaur Berserker)       Turns: 17662, Time: 00:53:27

Health: -23/106    AC: 22    Str: 26    XL:     12   Next: 32%
Magic:  11/11      EV: 11    Int:  4    God:    Trog [*****.]
Gold:   942        SH:  0    Dex: 17    Spells: 11/11 levels left

rFire   . . .      SeeInvis .   D - +9 executioner's axe (vorpal)
rCold   . . .      Faith    +   (shield currently unavailable)
rNeg    . . .      Spirit   .   k - +0 chain mail
rPois   .          Reflect  .   (helmet restricted)
rElec   .          Harm     .   z - +2 cloak
rCorr   +          Rampage  +   o - +1 pair of gloves
Will    .....                   C - +1 pair of boots {rampage}
Stlth   ..........              d - amulet of faith
HPRegen 0.27/turn               l - ring of resist corrosion
MPRegen 0.12/turn               u - +6 ring of dexterity

@: on berserk cooldown, slowed, very slow
A: horns 2, retaliatory headbutt
a: Renounce Religion, Berserk, Trog's Hand, Brothers in Arms


You were on level 12 of the Dungeon.
You worshipped Trog.
Trog was extremely pleased with you.
You visited 3 branches of the dungeon, and saw 15 of its levels.
You also visited: Sewer and Ossuary.

You collected 1250 gold pieces.
You spent 308 gold pieces at shops.

Inventory:

Hand Weapons
 A - a +2 whip of distortion
 D - a +9 vorpal executioner's axe (weapon)
 G - a +2 morningstar of draining
Missiles
 F - 2 curare-tipped darts (quivered)
 K - 9 poisoned darts
Armour
 k - a +0 chain mail (worn)
 o - a +1 pair of gloves (worn)
 z - a +2 cloak (worn)
 C - a +1 pair of boots of rampaging (worn)
Jewellery
 d - an amulet of faith (around neck)
 l - a ring of resist corrosion (left hand)
 u - a +6 ring of dexterity (right hand)
 w - a ring of positive energy
Wands
 i - a wand of paralysis (5)
 s - a wand of roots (4)
 t - a wand of acid (6)
 x - a wand of polymorph (3)
 E - a wand of digging (4)
 H - a wand of flame (23)
Scrolls
 a - a scroll of enchant weapon
 c - 7 scrolls of teleportation
 f - 2 scrolls of fear
 j - a scroll of enchant armour
 q - 2 scrolls of fog
 y - 6 scrolls of blinking
 B - a scroll of brand weapon
 L - 2 scrolls of identify
Potions
 b - 4 potions of might
 e - 3 potions of invisibility
 g - 7 potions of heal wounds
 h - a potion of berserk rage
 m - 2 potions of cancellation
 n - 5 potions of haste
 p - 8 potions of curing
 r - 3 potions of flight
 v - 2 potions of resistance
Miscellaneous
 J - a tin of tremorstones (1/2)


   Skills:
 + Level 10.2 Fighting
 + Level 14.7 Axes
 * Level 14.2 Armour
 + Level 5.0 Dodging
 + Level 3.3 Stealth
 * Level 5.8 Evocations


You had 11 spell levels left.
You didn't know any spells.
Your spell library was empty.

Dungeon Overview and Level Annotations

Branches:
Dungeon (12/15)            Temple (0/1) D:6            Lair (1/5) D:9
    Orc (2/2) D:9             Elf (0/3) Orc:2         Sewer (visited)
Ossuary (visited)

Altars:
Fedhas
Makhleb
Qazlal
Ru
Sif Muna
Wu Jian
Yredelemnul

Shops:
D:4 [:   D:6 !   D:11 (

Annotations:
D:12 Rupert
Lair:1 Amaemon


Innate Abilities, Weirdness & Mutations

You have a pair of horns on your head.
You reflexively headbutt those who attack you in melee.


Message History

Rupert attacks as you move away!
Rupert hits you with a +0 vampiric battleaxe!
You are no longer berserk.
You are exhausted.
You feel yourself slow down.
You bump into the rock wall.
Rupert barely misses you.
Rupert hits you with a +0 vampiric battleaxe.
You're too confused to move!
Rupert hits you with a +0 vampiric battleaxe.
Rupert completely misses you.
You slice Rupert!!
Rupert is lightly wounded.
Rupert misses you. Rupert hits you but does no damage. x2
You're too confused to move!
Rupert hits you with a +0 vampiric battleaxe!!
Rupert hits you with a +0 vampiric battleaxe.
Rupert draws strength from your wounds!
You bump into the rock wall.
Rupert hits you with a +0 vampiric battleaxe!!
Rupert draws strength from your wounds!
Rupert hits you with a +0 vampiric battleaxe!
* * * LOW HITPOINT WARNING * * *
Rupert hits you with a +0 vampiric battleaxe.
* * * LOW HITPOINT WARNING * * *
Press: ? - help, v - describe, . - travel
Here: Rupert, wielding a +0 vampiric battleaxe and wearing a +2 leather armour of poison resistance (berserk)
The floor, spattered with blood.
Unknown command.
Okay, then.
You are too confused!
Unknown command.
You feel less confused. Rupert hits you but does no damage.
Rupert attacks as you move away!
Rupert hits you with a +0 vampiric battleaxe!
* * * LOW HITPOINT WARNING * * *
Rupert hits you with a +0 vampiric battleaxe.
* * * LOW HITPOINT WARNING * * *
Rupert hits you with a +0 vampiric battleaxe!!
You die...

.#######...#.#.##
### #.
#..........# #.
#..........# #.
#........[##
#.#####.#...#.##
## #.#.....#...#.#
.. ..
#.#.#####...# # ##
....##.#.######.##
....((....@@....#
.........#####.##
.....##### ####
####### #.#


You could see Rupert (berserk).

Vanquished Creatures
  4 two-headed ogres
  A wizard (D:7)
  The ghost of cdecastro the Grappler, a novice DrTm of Gozag (D:7)
  3 orc sorcerers
  2 cyclopes (D:12)
  Joseph (D:8)
  Maurice (D:8)
  The ghost of nshep25 the Chopper, a novice MiFi (D:5)
  A gargoyle (D:12)
  An orange demon (D:9)
  Maggie (D:7)
  2 komodo dragons
  A kobold demonologist (D:7)
  5 trolls
  Prince Ribbit (D:7)
  2 vampires (D:9)
  A wraith (D:12)
  A spriggan (D:8)
  11 yaks
  A wyvern (D:8)
  A human (D:9)
  A basilisk (D:12)
  Menkaure (D:5)
  2 acid dragons
  A water moccasin (D:7)
  Duvessa (D:7)
  Pargi (Sewer)
  2 sky beasts
  8 orc warriors
  5 black bears
  5 ogres
  3 centaurs
  2 phantoms
  11 kobold brigands
  The ghost of sigtrap the Sneak, an amateur SpBr (D:3)
  3 bullfrogs
  3 necrophages
  A gnoll sergeant (D:10)
  5 scorpions
  3 water moccasin zombies (Ossuary)
  5 wights (D:8)
  6 killer bees (D:9)
  3 electric eels
  3 howler monkeys (D:12)
  A centaur zombie (D:3)
  14 orc priests
  A bullfrog skeleton (D:3)
  4 hounds
  A jelly (D:4)
  7 iguanas
  13 orc wizards
  2 mummies (Ossuary)
  A howler monkey zombie (D:3)
  3 gnolls (D:10)
  11 adders
  A shadow imp (D:5)
  3 ufetubi
  9 adder zombies (Ossuary)
  3 worms
  2 dart slugs
  72 orcs
  4 ball pythons
  4 endoplasms
  A giant cockroach (D:3)
  6 gnoll zombies (Ossuary)
  6 goblins
  10 hobgoblins
  A jackal (D:6)
  9 kobolds
  4 quokkas
  5 bats
  6 frilled lizards
  2 hobgoblin zombies (Ossuary)
  5 kobold zombies
  4 orc zombies (Ossuary)
  6 rats
340 creatures vanquished.

Vanquished Creatures (collateral kills)
  A boulder beetle (D:11)
  Dowan (D:7)
2 creatures vanquished.

Vanquished Creatures (others)
  49 plants (D:9)
49 creatures vanquished.

Grand Total: 391 creatures vanquished

Notes
Turn   | Place    | Note
-------+----------+-------------------------------------------
     0 | D:1      | soggyman666 the Minotaur Berserker began the quest for the
                  | Orb.
     0 | D:1      | Reached XP level 1. HP: 19/19 MP: 0/0
   430 | D:1      | Reached XP level 2. HP: 27/27 MP: 1/1
  1588 | D:2      | Found a faded altar of an unknown god.
  1595 | D:2      | Reached XP level 3. HP: 30/33 MP: 2/2
  1728 | D:2      | Identified the +3 dagger of Light {vorpal, Int+5}
  2246 | D:3      | Reached ** piety under Trog
  2272 | D:3      | Found a glowing drain.
  2300 | Sewer    | Entered a sewer
  2381 | Sewer    | Noticed Pargi
  2392 | Sewer    | Killed Pargi
  2393 | Sewer    | Reached skill level 5 in Axes
  2393 | Sewer    | Reached XP level 4. HP: 17/41 MP: 3/3
  2393 | Sewer    | Reached XP level 5. HP: 20/47 MP: 4/4
  3151 | D:3      | Found an ornate altar of the Wu Jian Council.
  3184 | D:3      | Found a transporter.
  3186 | D:3      | Noticed sigtrap's ghost (amateur SpBr)
  3187 | D:3      | Found a transporter.
  3284 | D:3      | Killed sigtrap's ghost
  3285 | D:3      | Reached skill level 5 in Fighting
  3285 | D:3      | Reached XP level 6. HP: 56/56 MP: 5/5
  3476 | D:3      | Reached skill level 5 in Armour
  3748 | D:3      | Reached *** piety under Trog
  4208 | D:4      | Found Enwuacko's Book Emporium.
  4224 | D:4      | Reached XP level 7. HP: 38/61 MP: 6/6
  4475 | D:4      | Found Fuxy's Antique Armour Shop.
  4485 | D:4      | Bought a pair of runed gloves for 217 gold pieces
  5230 | D:5      | Entered Level 5 of the Dungeon
  5307 | D:5      | Reached XP level 8. HP: 50/70 MP: 7/7
  5457 | D:5      | Found a runed translucent gate.
  5457 | D:5      | Noticed nshep25's ghost (novice MiFi)
  5466 | D:5      | Found a runed translucent gate.
  5466 | D:5      | Found a runed translucent gate.
  5651 | D:5      | Noticed Menkaure
  5658 | D:5      | Killed Menkaure
  5659 | D:5      | Reached skill level 1 in Stealth
  5972 | D:5      | Reached **** piety under Trog
  6048 | D:5      | Reached skill level 1 in Evocations
  6419 | D:5      | Killed nshep25's ghost
  6420 | D:5      | Reached XP level 9. HP: 78/78 MP: 8/8
  6563 | D:6      | Found Teabrial's Distillery.
  6576 | D:6      | Bought a potion of curing for 39 gold pieces
  6576 | D:6      | Bought a potion of might for 52 gold pieces
  6587 | D:6      | Found a staircase to the Ecumenical Temple.
  6678 | D:6      | Found a sand-covered staircase.
  6686 | Ossuary  | Entered an ossuary
  6847 | Ossuary  | Reached skill level 10 in Axes
  6847 | Ossuary  | Reached ***** piety under Trog
  7557 | D:6      | Identified the ring "Tiassocw" {Wiz +Blink Dex-4 SInv
                  | Stlth+}
  7607 | D:6      | Found a sacrificial altar of Ru.
  8251 | D:7      | Noticed an orc sorcerer
  8263 | D:7      | Killed an orc sorcerer
  8420 | D:7      | Noticed a wizard
  8440 | D:7      | Noticed Dowan
  8444 | D:7      | Killed a wizard
  8447 | D:7      | HP: 3/80 [poisoned by a wizard]
  8447 | D:7      | Killed Dowan
  8448 | D:7      | Reached skill level 10 in Armour
  8448 | D:7      | Reached XP level 10. HP: 3/88 MP: 9/9
  8450 | D:7      | HP: 1/88 [poisoned by a wizard]
  8615 | D:7      | Noticed Duvessa
  8629 | D:7      | Killed Duvessa
  8984 | D:7      | Found a runed translucent gate.
  8984 | D:7      | Found a runed translucent gate.
  8987 | D:7      | Found a runed translucent gate.
  8987 | D:7      | Noticed cdecastro's ghost (novice DrTm)
  9151 | D:7      | Noticed Maggie
  9164 | D:7      | Killed Maggie
  9545 | D:7      | Noticed Prince Ribbit
  9555 | D:7      | Killed Prince Ribbit
  9854 | D:8      | Noticed Maurice
  9891 | D:8      | Killed Maurice
 10145 | D:8      | Noticed Joseph
 10155 | D:8      | Killed Joseph
 10519 | D:8      | Noticed a two-headed ogre
 10519 | D:8      | Noticed a two-headed ogre
 10532 | D:8      | Killed a two-headed ogre
 10542 | D:8      | Killed a two-headed ogre
 10704 | D:8      | Found the +12 pair of quick blades "Gyre" and "Gimble"
                  | {protect}
 10761 | D:8      | Reached XP level 11. HP: 71/95 MP: 10/10
 11082 | D:9      | Found a staircase to the Orcish Mines.
 12357 | D:9      | Found a staircase to the Lair.
 12966 | D:9      | Found a runed translucent door.
 12970 | D:9      | Found a basalt altar of Yredelemnul.
 13192 | Lair:1   | Entered Level 1 of the Lair of Beasts
 13192 | Lair:1   | Noticed Amaemon
 13239 | Orc:1    | Entered Level 1 of the Orcish Mines
 13318 | Orc:2    | Entered Level 2 of the Orcish Mines
 13318 | Orc:2    | Noticed an orc sorcerer
 13325 | Orc:2    | Noticed a sun demon
 13325 | Orc:2    | Killed an orc sorcerer
 13326 | Orc:2    | Reached skill level 5 in Dodging
 13340 | Orc:2    | Found a staircase to the Elven Halls.
 13387 | Orc:2    | Reached ****** piety under Trog
 13388 | Orc:2    | Received a gift from Trog
 13635 | Orc:2    | Reached skill level 5 in Evocations
 13636 | Orc:2    | Noticed an orc knight
 14084 | Orc:2    | Noticed an orc sorcerer
 14172 | Orc:2    | Paralysed by an orc sorcerer for 5 turns
 14180 | Orc:1    | Killed an orc sorcerer
 14500 | D:7      | Killed cdecastro's ghost
 14502 | D:7      | Reached skill level 10 in Fighting
 14594 | D:10     | Entered Level 10 of the Dungeon
 14941 | D:10     | Noticed a two-headed ogre
 14950 | D:10     | Killed a two-headed ogre
 14951 | D:10     | Reached XP level 12. HP: 72/106 MP: 11/11
 15112 | D:10     | Found a burning altar of Makhleb.
 15115 | D:10     | Found a stormy altar of Qazlal.
 15118 | D:10     | Found a shimmering blue altar of Sif Muna.
 15121 | D:10     | Found a blossoming altar of Fedhas.
 15367 | D:10     | Received a gift from Trog
 15927 | D:11     | Noticed a two-headed ogre
 15933 | D:11     | Killed a two-headed ogre
 16138 | D:11     | Found Vuycirch's Weapon Shop.
 16364 | D:11     | Noticed a boulder beetle
 16373 | D:11     | Killed a boulder beetle
 17646 | D:12     | Noticed Rupert
 17661 | D:12     | HP: 3/106 [Rupert/+0 vampiric battleaxe (6)]
 17662 | D:12     | Annihilated by Rupert

Illustrated notes

Levels and vault maps discovered:
D:1:      dpeg_arrival_solitude, layout_loops_corners,
          nicolae_figureground_sparkle
D:2:      layout_loops_corners, hellmonk_ecumenical_altar_crossroads,
          grunt_decor_fettered
D:3:      cheibrodos_pilgrimage, layout_loops_corners,
          nicolae_wu_jian_immortal_techniques, gammafunk_ghost_mausoleum,
          cheibrodos_sewer_entry_sluice, kennysheep_small_spiral
D:4:      layout_basic, serial_shops, nicolae_square_shop,
          hangedman_decor_opposing, grunt_ministairs_2, minmay_misc_feat_room,
          kennysheep_small_circle
D:5:      minmay_razor_zed, layout_rooms, gammafunk_ghost_split, uniq_menkaure
D:6:      layout_basic, nicolae_ru_great_annihilating_truth,
          minmay_temple_entry_mist, serial_shops, shop,
          chequers_ossuary_entry_cave, serial_rivers,
          chequers_serial_rivers_large_b, chequers_serial_rivers_room_a,
          chequers_serial_rivers_small_b, chequers_serial_rivers_room_a,
          kennysheep_path_1, chequers_serial_rivers_small_a
D:7:      cheibrodos_wizards_tower, layout_basic, gammafunk_ghost_nasty_kobolds,
          minmay_crystal_water, uniq_maggie, uniq_prince_ribbit1, uniq_duvessa
D:8:      layout_cave_pools, hellmonk_guarded_unrand_gyre_and_gimble,
          uniq_joseph, uniq_maurice
D:9:      layout_rooms, dk_yredelemnul_ordeal, david_lair_shrubbed,
          minmay_orc_entry_temple_small, minmay_tree_intersection,
          serial_bayou_lagoon_a, serial_bayou_pond_b
D:10:     layout_layer_cave, grunt_temple_overflow_cloverleaf
D:11:     layout_loops_corners, serial_shops, kennysheep_mini_moat
D:12:     layout_loops_ring, uniq_rupert
Lair:1:   layout_cave_pods, serial_bayou, serial_bayou_shore_b,
          serial_bayou_ford_a, serial_bayou_crossing, serial_bayou_pond_b,
          serial_bayou_shore_b, uniq_amaemon
Orc:1:    layout_caves
Orc:2:    st_orc_pillars, layout_caves, uniq_erolcha, uniq_jorgrun

Skill      XL: |  1  2  3  4  5  6  7  8  9 10 11 12 |
---------------+-------------------------------------+-----
Axes           | 4 5 6 7 8 9 11 12 14 | 14.7
Fighting       | 4 5 6 7 8 10 | 10.2
Armour         | 3 4 5 6 8 10 11 13 14 | 14.2
Dodging        | 3 4 5 |  5.0
Stealth        | 1 2 3 |  3.3
Evocations     | 2 3 5 |  5.8

Action                   |  1- 3 |  4- 6 |  7- 9 | 10-12 || total
-------------------------+-------+-------+-------+-------++-------
Melee: Hand axe          |    61 |   135 |   360 |   408 ||   964
       Headbutt          |     5 |    13 |    73 |   104 ||   195
       Punch             |     2 |     2 |     8 |     7 ||    19
       Executioner's axe |       |       |       |    98 ||    98
Throw: Dart              |       |       |       |     2 ||     2
Invok: Berserk           |     1 |     1 |     2 |     5 ||     9
       Trog's Hand       |       |     1 |     1 |     3 ||     5
       Brothers in Arms  |       |       |     1 |     1 ||     2
Evoke: Wand              |       |       |     1 |    15 ||    16
       Tin of tremorston |       |       |       |     1 ||     1
  Use: Scroll            |     5 |     5 |     3 |    19 ||    32
       Potion            |       |       |     2 |     5 ||     7
 Stab: Invisible         |       |       |     2 |       ||     2
       Paralysed         |       |       |     4 |     3 ||     7
       Distracted        |       |       |       |     1 ||     1
Armor: Chain mail        |    28 |    79 |   229 |   180 ||   516
       Animal skin       |     1 |       |       |       ||     1
       Skin              |       |       |       |     6 ||     6
Dodge: Dodged            |    23 |    73 |   132 |   228 ||   456
